AoeStats
← RegularPeruvian

Arabia

509768201Analyzed
1v1 RM · 5d ago on Sep 27, 2026· 50m 11s· 2 players
Game mode
Random Map
Map size
Tiny (2 player)
Population
200
Speed
Normal
Resources
Standard
Victory
Conquest
Starting age
Dark Age
Ending age
Imperial Age
RankedLock teamsTeams togetherTeam positionsShared explorationLock speedFull tech treeHidden civsTurbo modeCheats
Victory
Defeat
🇨🇴 Franks · Colombia
842
+17
🇵🇪 Portuguese · Peru
864
-17
alejandrosandoval013102
5:30 Loom
10:50 Feudal Age
21:32 Castle Age
19:56 Gold Mining
23:49 Gold Shaft Mining
29:37 Double-Bit Axe
32:07 Herbal Medicine
38:49 Imperial Age
39:40 Cavalier
40:21 Husbandry
44:56 Scale Barding Armor
45:01 Forging
48:29 Bow Saw
49:23 Chain Barding Armor
49:38 Iron Casting
RegularPeruvian
5:15 Loom
11:01 Feudal Age
13:54 Wheelbarrow
18:41 Castle Age
18:56 Double-Bit Axe
19:44 Horse Collar
20:31 Stone Mining
24:48 Bow Saw
33:56 Circumnavigation
36:04 Fletching
41:30 Imperial Age
40:24 Wheelbarrow
39:40 Town Watch
43:46 Chemistry
Connection lost

Rejoining the realm…

Still unreachable

The connection could not be restored.

Session expired

The server has moved on; the page needs a fresh start.